3247 views
Uploaded 2019-12-01 20:37:13
Game version 1.32.0.2 / 1.32.0.2.1
22:04 long 3on3 ladder game on (6)Monsoon_LV
Saved by BEARAND
3247 views
Uploaded 2019-12-01 20:37:13
Game version 1.32.0.2 / 1.32.0.2.1
22:04 long 3on3 ladder game on (6)Monsoon_LV


68 units @ 5.4k
/ 0k
199 buildings @ 10.2k
/ 5.5k



| Scroll of Regeneration | 5 | 500 |
| Staff of Sanctuary | 2 | 500 |
| Orb of Fire | 1 | 325 |
| Scroll of Protection | 1 | 150 |
| Potion of Invisibility | 1 | 100 |
| total: | 10 | 1575g |
| Peasant | 27 | 2025 | / | 0 |
| Gnoll Warden | 1 | 215 | / | 20 |
| total: | 28 | 2240g | / | 20w |
| Scout Tower | 68 | 2040 | / | 1360 |
| Arcane Tower | 2 | 140 | / | 100 |
| Guard Tower | 26 | 1820 | / | 1300 |
| Altar of Kings | 1 | 180 | / | 50 |
| Farm | 6 | 480 | / | 120 |
| Barracks | 1 | 160 | / | 60 |
| Lumber Mill | 1 | 120 | / | 0 |
| Town Hall | 2 | 770 | / | 410 |
| Arcane Vault | 2 | 260 | / | 60 |
| Keep | 1 | 320 | / | 210 |
| Castle | 1 | 360 | / | 210 |
| total: | 81 | 4010g | / | 2060w |
| 0:01 | Peasant |
| 0:10 | Altar of Kings |
| 0:12 | Peasant |
| 0:17 | Farm |
| 0:25 | Barracks |
| 0:25 | Peasant |
| 0:35 | Peasant |
| 0:44 | Peasant |
| 1:09 | Peasant |
| 1:16 | Lumber Mill |
| 1:20 | Peasant |
| 1:47 | Scout Tower |
| 1:49 | Scout Tower |
| 1:54 | Peasant |
| 2:00 | Scout Tower |
| 2:02 | Peasant |
| 2:07 | Farm |
| 2:11 | Blizzard |
| 2:33 | Arcane Tower |
| 2:34 | Guard Tower |
| 2:57 | Peasant |
| 3:41 | Town Hall |
| 3:44 | Scout Tower |
| 3:45 | Scout Tower |
| 3:53 | Scout Tower |
| 3:54 | Scout Tower |
| 4:06 | Brilliance Aura |
| 4:08 | Peasant |
| 4:09 | Improved Masonry |
| 4:16 | Peasant |
| 4:22 | Guard Tower |
| 4:38 | Peasant |
| 4:39 | Peasant |
| 4:50 | Arcane Tower |
| 4:52 | Peasant |
| 4:57 | Guard Tower |
| 5:15 | Guard Tower |
| 5:53 | Peasant |
| 5:54 | Peasant |
| 6:03 | Blizzard |
| 6:10 | Scout Tower |
| 6:10 | Scout Tower |
| 6:13 | Peasant |
| 6:14 | Peasant |
| 6:17 | Peasant |
| 6:19 | Arcane Vault |
| 6:47 | Guard Tower |
| 6:52 | Peasant |
| 6:53 | Peasant |
| 6:54 | Peasant |
| 7:02 | Guard Tower |
| 7:07 | Scout Tower |
| 7:08 | Scout Tower |
| 7:33 | Guard Tower |
| 7:38 | Keep |
| 7:47 | Scroll of Regeneration |
| 7:53 | Scout Tower |
| 7:53 | Scout Tower |
| 7:55 | Scout Tower |
| 7:55 | Scout Tower |
| 7:56 | Scout Tower |
| 7:57 | Scout Tower |
| 8:01 | Guard Tower |
| 8:02 | Scout Tower |
| 8:21 | Farm |
| 8:30 | Guard Tower |
| 8:32 | Scout Tower |
| 8:41 | Gnoll Warden |
| 8:53 | Guard Tower |
| 8:54 | Guard Tower |
| 9:02 | Guard Tower |
| 9:36 | Guard Tower |
| 10:09 | Castle |
| 10:17 | Scout Tower |
| 10:19 | Scout Tower |
| 10:19 | Scout Tower |
| 10:20 | Scout Tower |
| 10:21 | Scout Tower |
| 10:22 | Scout Tower |
| 10:22 | Scout Tower |
| 10:23 | Scout Tower |
| 10:27 | Guard Tower |
| 10:30 | Scout Tower |
| 10:31 | Scout Tower |
| 10:36 | Scout Tower |
| 10:36 | Scout Tower |
| 11:03 | Guard Tower |
| 11:23 | Guard Tower |
| 11:26 | Scout Tower |
| 11:26 | Scout Tower |
| 11:28 | Scout Tower |
| 11:28 | Scout Tower |
| 11:29 | Scout Tower |
| 11:30 | Scout Tower |
| 11:49 | Guard Tower |
| 12:04 | Guard Tower |
| 12:22 | Storm Bolt |
| 12:30 | Scroll of Protection |
| 12:32 | Potion of Invisibility |
| 12:56 | Guard Tower |
| 12:58 | Scout Tower |
| 12:58 | Scout Tower |
| 12:59 | Scout Tower |
| 13:00 | Scout Tower |
| 13:01 | Scout Tower |
| 13:01 | Scout Tower |
| 13:09 | Farm |
| 13:10 | Farm |
| 13:11 | Farm |
| 13:12 | Advanced Masonry |
| 13:13 | Improved Lumber Harvesting |
| 13:38 | Guard Tower |
| 13:43 | Scout Tower |
| 13:44 | Scout Tower |
| 13:47 | Scout Tower |
| 13:48 | Scout Tower |
| 13:48 | Scout Tower |
| 13:51 | Scout Tower |
| 13:52 | Scout Tower |
| 13:52 | Scout Tower |
| 13:53 | Scout Tower |
| 13:54 | Scout Tower |
| 13:54 | Scout Tower |
| 13:55 | Scout Tower |
| 13:56 | Scout Tower |
| 14:04 | Scout Tower |
| 14:05 | Scout Tower |
| 14:05 | Scout Tower |
| 14:06 | Scout Tower |
| 14:30 | Brilliance Aura |
| 14:44 | Scout Tower |
| 14:44 | Scout Tower |
| 14:45 | Scout Tower |
| 14:45 | Scout Tower |
| 14:49 | Guard Tower |
| 15:09 | Arcane Vault |
| 15:12 | Guard Tower |
| 15:22 | Imbued Masonry |
| 15:37 | Guard Tower |
| 15:47 | Town Hall |
| 16:12 | Holy Light |
| 16:37 | Staff of Sanctuary |
| 16:38 | Orb of Fire |
| 17:00 | Scroll of Regeneration |
| 17:21 | Guard Tower |
| 17:22 | Scout Tower |
| 17:22 | Scout Tower |
| 17:22 | Scout Tower |
| 17:22 | Scout Tower |
| 18:04 | Guard Tower |
| 18:07 | Peasant |
| 18:07 | Peasant |
| 18:34 | Bash |
| 18:46 | Scroll of Regeneration |
| 18:50 | Guard Tower |
| 19:42 | Scroll of Regeneration |
| 20:19 | Divine Shield |
| 20:42 | Peasant |
| 20:42 | Peasant |
| 21:34 | Scroll of Regeneration |
| 21:46 | Staff of Sanctuary |
| Right click | 1440 |
| Select | 703 |
| Select group | 338 |
| Assign group | 256 |
| Build/train/purchase | 116 |
| Use ability | 48 |
| Item give/drop | 6 |
| Misc. action | 5 |
| Minimap ping | 3 |
iggythefisk
(22:03) : 


| Scroll of Regeneration | 3 | 300 |
| Mechanical Critter | 2 | 100 |
| Lesser Clarity Potion | 1 | 70 |
| Staff of Sanctuary | 1 | 250 |
| Boots of Speed | 2 | 500 |
| Staff of Teleportation | 2 | 300 |
| total: | 11 | 1520g |
| Peasant | 17 | 1275 | / | 0 |
| total: | 17 | 1275g | / | 0w |
| Scout Tower | 45 | 1350 | / | 900 |
| Arcane Tower | 4 | 280 | / | 200 |
| Guard Tower | 21 | 1470 | / | 1050 |
| Altar of Kings | 1 | 180 | / | 50 |
| Farm | 3 | 240 | / | 60 |
| Lumber Mill | 1 | 120 | / | 0 |
| Arcane Vault | 1 | 130 | / | 30 |
| Town Hall | 1 | 385 | / | 205 |
| Arcane Sanctum | 1 | 150 | / | 140 |
| Keep | 1 | 320 | / | 210 |
| Castle | 1 | 360 | / | 210 |
| total: | 53 | 2555g | / | 1385w |
| 0:01 | Peasant |
| 0:03 | Altar of Kings |
| 0:07 | Farm |
| 0:11 | Peasant |
| 0:18 | Lumber Mill |
| 0:20 | Peasant |
| 0:32 | Peasant |
| 0:43 | Farm |
| 0:47 | Scout Tower |
| 0:59 | Scout Tower |
| 1:04 | Peasant |
| 1:13 | Peasant |
| 1:28 | Peasant |
| 1:34 | Peasant |
| 1:37 | Arcane Tower |
| 1:43 | Scout Tower |
| 1:48 | Peasant |
| 1:59 | Arcane Tower |
| 2:01 | Peasant |
| 2:07 | Storm Bolt |
| 2:11 | Guard Tower |
| 2:27 | Scout Tower |
| 2:34 | Peasant |
| 2:47 | Improved Masonry |
| 2:49 | Peasant |
| 2:50 | Peasant |
| 2:50 | Peasant |
| 3:00 | Guard Tower |
| 3:28 | Scout Tower |
| 3:57 | Arcane Vault |
| 4:08 | Keep |
| 4:23 | Bash |
| 4:30 | Guard Tower |
| 4:32 | Scout Tower |
| 4:33 | Scout Tower |
| 4:33 | Scout Tower |
| 4:52 | Scroll of Regeneration |
| 4:56 | Scroll of Regeneration |
| 4:57 | Mechanical Critter |
| 4:57 | Mechanical Critter |
| 5:30 | Storm Bolt |
| 5:34 | Town Hall |
| 5:38 | Scout Tower |
| 5:39 | Scout Tower |
| 5:41 | Scout Tower |
| 5:43 | Scout Tower |
| 5:46 | Scout Tower |
| 5:51 | Guard Tower |
| 5:52 | Scout Tower |
| 5:53 | Scout Tower |
| 6:19 | Arcane Tower |
| 6:31 | Boots of Speed |
| 6:40 | Staff of Teleportation |
| 6:47 | Guard Tower |
| 6:48 | Guard Tower |
| 6:58 | Peasant |
| 6:58 | Peasant |
| 7:01 | Guard Tower |
| 7:32 | Scout Tower |
| 7:33 | Scout Tower |
| 7:34 | Peasant |
| 7:37 | Improved Lumber Harvesting |
| 7:39 | Advanced Masonry |
| 7:48 | Guard Tower |
| 8:14 | Guard Tower |
| 8:15 | Guard Tower |
| 8:17 | Scout Tower |
| 8:17 | Scout Tower |
| 8:18 | Scout Tower |
| 8:24 | Holy Light |
| 8:54 | Castle |
| 8:58 | Guard Tower |
| 9:05 | Guard Tower |
| 9:28 | Boots of Speed |
| 9:29 | Staff of Teleportation |
| 9:44 | Guard Tower |
| 9:46 | Scout Tower |
| 9:47 | Scout Tower |
| 9:48 | Scout Tower |
| 9:49 | Scout Tower |
| 10:15 | Scroll of Regeneration |
| 10:16 | Lesser Clarity Potion |
| 10:18 | Guard Tower |
| 10:33 | Arcane Sanctum |
| 11:17 | Guard Tower |
| 12:01 | Guard Tower |
| 12:04 | Scout Tower |
| 12:04 | Scout Tower |
| 12:05 | Scout Tower |
| 12:05 | Scout Tower |
| 12:16 | Staff of Sanctuary |
| 12:24 | Magic Sentry |
| 13:00 | Farm |
| 13:11 | Cluster Rockets |
| 13:41 | Imbued Masonry |
| 13:41 | Advanced Lumber Harvesting |
| 13:43 | Guard Tower |
| 13:46 | Scout Tower |
| 13:47 | Scout Tower |
| 14:29 | Divine Shield |
| 14:46 | Bash |
| 14:49 | Guard Tower |
| 14:51 | Scout Tower |
| 14:52 | Scout Tower |
| 15:25 | Arcane Tower |
| 15:54 | Scout Tower |
| 15:54 | Scout Tower |
| 15:55 | Scout Tower |
| 15:57 | Scout Tower |
| 15:58 | Scout Tower |
| 15:58 | Scout Tower |
| 16:00 | Guard Tower |
| 17:26 | Engineering Upgrade |
| 18:39 | Guard Tower |
| 18:41 | Scout Tower |
| 18:41 | Scout Tower |
| 18:42 | Scout Tower |
| 20:54 | Holy Light |
| 21:59 | Guard Tower |
| 22:00 | Scout Tower |
| 22:01 | Scout Tower |
| 22:01 | Scout Tower |
| 22:02 | Scout Tower |
| Right click | 1482 |
| Select group | 875 |
| Assign group | 253 |
| Select | 249 |
| Build/train/purchase | 167 |
| Use ability | 95 |
| Misc. action | 19 |
| Chat | 10 |
| Resource trade | 7 |
| Remove unit | 2 |
| Item give/drop | 1 |
| Minimap ping | 1 |



| Scroll of Regeneration | 2 | 200 |
| Potion of Healing | 1 | 150 |
| Staff of Sanctuary | 3 | 750 |
| Orb of Fire | 3 | 975 |
| Boots of Speed | 3 | 750 |
| Staff of Teleportation | 3 | 450 |
| total: | 15 | 3275g |
| Peasant | 21 | 1575 | / | 0 |
| Priest | 2 | 270 | / | 20 |
| total: | 23 | 1845g | / | 20w |
| Scout Tower | 50 | 1500 | / | 1000 |
| Arcane Tower | 4 | 280 | / | 200 |
| Guard Tower | 28 | 1960 | / | 1400 |
| Altar of Kings | 2 | 360 | / | 100 |
| Farm | 4 | 320 | / | 80 |
| Lumber Mill | 1 | 120 | / | 0 |
| Arcane Vault | 2 | 260 | / | 60 |
| Town Hall | 1 | 385 | / | 205 |
| Blacksmith | 1 | 140 | / | 60 |
| Barracks | 1 | 160 | / | 60 |
| Arcane Sanctum | 1 | 150 | / | 140 |
| Gryphon Aviary | 2 | 280 | / | 300 |
| Keep | 2 | 640 | / | 420 |
| Castle | 1 | 360 | / | 210 |
| total: | 65 | 3675g | / | 2005w |
| 0:02 | Peasant |
| 0:03 | Peasant |
| 0:08 | Altar of Kings |
| 0:12 | Altar of Kings |
| 0:15 | Peasant |
| 0:19 | Farm |
| 0:26 | Peasant |
| 0:31 | Farm |
| 0:53 | Lumber Mill |
| 0:55 | Peasant |
| 0:59 | Peasant |
| 1:03 | Arcane Vault |
| 1:26 | Scout Tower |
| 1:34 | Scout Tower |
| 1:37 | Peasant |
| 1:38 | Peasant |
| 1:40 | Peasant |
| 1:45 | Scout Tower |
| 1:51 | Arcane Tower |
| 1:57 | Peasant |
| 2:09 | Scout Tower |
| 2:11 | Blizzard |
| 2:29 | Scout Tower |
| 2:29 | Scout Tower |
| 2:32 | Scout Tower |
| 2:32 | Scout Tower |
| 2:35 | Scout Tower |
| 2:45 | Scout Tower |
| 2:46 | Peasant |
| 2:46 | Peasant |
| 2:48 | Guard Tower |
| 3:11 | Guard Tower |
| 3:12 | Guard Tower |
| 3:15 | Peasant |
| 3:15 | Guard Tower |
| 3:33 | Arcane Tower |
| 3:46 | Boots of Speed |
| 3:46 | Staff of Teleportation |
| 3:52 | Peasant |
| 3:55 | Scout Tower |
| 3:55 | Scout Tower |
| 3:56 | Scout Tower |
| 3:56 | Scout Tower |
| 4:03 | Peasant |
| 4:23 | Guard Tower |
| 4:24 | Guard Tower |
| 4:32 | Arcane Vault |
| 4:33 | Guard Tower |
| 4:45 | Scout Tower |
| 5:12 | Guard Tower |
| 5:13 | Keep |
| 5:15 | Guard Tower |
| 5:26 | Farm |
| 5:37 | Scout Tower |
| 5:40 | Scout Tower |
| 5:58 | Improved Masonry |
| 6:01 | Scroll of Regeneration |
| 6:08 | Guard Tower |
| 6:23 | Brilliance Aura |
| 6:36 | Guard Tower |
| 6:45 | Town Hall |
| 6:55 | Scout Tower |
| 7:52 | Blizzard |
| 7:57 | Arcane Tower |
| 7:58 | Scout Tower |
| 8:10 | Peasant |
| 8:11 | Peasant |
| 8:11 | Peasant |
| 8:11 | Peasant |
| 8:11 | Peasant |
| 8:12 | Peasant |
| 8:17 | Scroll of Regeneration |
| 8:41 | Arcane Sanctum |
| 8:43 | Guard Tower |
| 9:03 | Storm Bolt |
| 9:37 | Advanced Masonry |
| 9:37 | Improved Lumber Harvesting |
| 9:43 | Scout Tower |
| 9:43 | Scout Tower |
| 9:44 | Scout Tower |
| 9:44 | Scout Tower |
| 9:45 | Scout Tower |
| 9:46 | Scout Tower |
| 9:46 | Scout Tower |
| 9:47 | Scout Tower |
| 9:49 | Scout Tower |
| 9:49 | Scout Tower |
| 9:50 | Scout Tower |
| 10:09 | Boots of Speed |
| 10:09 | Staff of Teleportation |
| 10:19 | Magic Sentry |
| 10:19 | Priest |
| 10:20 | Castle |
| 10:30 | Guard Tower |
| 11:19 | Priest Adept Training |
| 11:20 | Guard Tower |
| 11:20 | Guard Tower |
| 11:54 | Priest |
| 11:56 | Guard Tower |
| 12:01 | Scout Tower |
| 12:02 | Scout Tower |
| 12:03 | Scout Tower |
| 12:11 | Scout Tower |
| 12:12 | Scout Tower |
| 12:13 | Scout Tower |
| 12:14 | Scout Tower |
| 12:21 | Guard Tower |
| 12:27 | Potion of Healing |
| 12:59 | Farm |
| 13:03 | Imbued Masonry |
| 13:03 | Advanced Lumber Harvesting |
| 13:13 | Priest Master Training |
| 13:13 | Guard Tower |
| 13:19 | Guard Tower |
| 13:25 | Staff of Sanctuary |
| 13:27 | Orb of Fire |
| 13:37 | Guard Tower |
| 13:41 | Scout Tower |
| 13:42 | Scout Tower |
| 13:43 | Scout Tower |
| 13:44 | Scout Tower |
| 13:50 | Guard Tower |
| 14:35 | Blacksmith |
| 14:37 | Barracks |
| 14:39 | Gryphon Aviary |
| 14:40 | Gryphon Aviary |
| 14:52 | Holy Light |
| 15:08 | Arcane Tower |
| 15:08 | Guard Tower |
| 15:08 | Guard Tower |
| 15:18 | Boots of Speed |
| 15:18 | Staff of Teleportation |
| 15:54 | Bash |
| 18:25 | Staff of Sanctuary |
| 18:29 | Orb of Fire |
| 18:29 | Orb of Fire |
| 18:46 | Guard Tower |
| 18:55 | Scout Tower |
| 18:56 | Scout Tower |
| 18:56 | Scout Tower |
| 19:45 | Staff of Sanctuary |
| 20:22 | Guard Tower |
| 20:28 | Guard Tower |
| 20:29 | Scout Tower |
| 20:29 | Scout Tower |
| 20:30 | Scout Tower |
| 20:31 | Scout Tower |
| 20:32 | Scout Tower |
| 20:32 | Scout Tower |
| 20:37 | Brilliance Aura |
| 21:22 | Divine Shield |
| Right click | 2091 |
| Select | 483 |
| Select group | 323 |
| Build/train/purchase | 221 |
| Use ability | 75 |
| Assign group | 10 |
| Chat | 4 |
| Misc. action | 3 |
| Minimap ping | 3 |
| Item give/drop | 1 |
124 units @ 20.3k
/ 2.8k
62 buildings @ 10.8k
/ 4.4k


| Peon | 13 | 975 | / | 0 |
| Grunt | 11 | 2200 | / | 0 |
| Troll Headhunter | 6 | 840 | / | 120 |
| Demolisher | 11 | 2420 | / | 550 |
| Kodo Beast | 1 | 255 | / | 60 |
| Wind Rider | 5 | 1325 | / | 200 |
| total: | 47 | 8015g | / | 930w |
| Altar of Storms | 1 | 180 | / | 50 |
| Orc Burrow | 6 | 960 | / | 240 |
| Barracks | 2 | 360 | / | 100 |
| War Mill | 1 | 205 | / | 0 |
| Voodoo Lounge | 1 | 130 | / | 30 |
| Great Hall | 3 | 1155 | / | 555 |
| Beastiary | 1 | 145 | / | 140 |
| Spirit Lodge | 1 | 150 | / | 150 |
| Stronghold | 1 | 315 | / | 190 |
| Fortress | 1 | 325 | / | 190 |
| total: | 16 | 3285g | / | 1265w |
| 0:11 | Altar of Storms |
| 0:15 | Orc Burrow |
| 0:21 | Peon |
| 0:21 | Peon |
| 0:23 | Peon |
| 0:58 | Barracks |
| 1:37 | Peon |
| 1:37 | Peon |
| 1:37 | Peon |
| 2:04 | Grunt |
| 2:04 | Grunt |
| 2:25 | War Stomp |
| 3:10 | Grunt |
| 3:11 | Grunt |
| 3:19 | Orc Burrow |
| 3:20 | Orc Burrow |
| 3:28 | War Mill |
| 3:39 | Stronghold |
| 4:26 | Grunt |
| 4:56 | Steel Melee Weapons |
| 4:59 | Troll Headhunter |
| 5:13 | Voodoo Lounge |
| 5:53 | Troll Headhunter |
| 5:53 | Troll Headhunter |
| 5:54 | Grunt |
| 6:25 | Endurance Aura |
| 6:50 | Grunt |
| 6:50 | Troll Headhunter |
| 6:53 | Steel Ranged Weapons |
| 6:53 | Steel Armor |
| 7:01 | Orc Burrow |
| 7:01 | Orc Burrow |
| 7:15 | Healing Wave |
| 8:25 | Endurance Aura |
| 9:22 | Great Hall |
| 9:30 | Great Hall |
| 9:35 | Great Hall |
| 9:40 | Hex |
| 9:44 | Grunt |
| 9:44 | Grunt |
| 9:45 | Troll Headhunter |
| 9:48 | Thorium Melee Weapons |
| 9:48 | Thorium Ranged Weapons |
| 9:57 | Fortress |
| 10:12 | Troll Headhunter |
| 12:26 | Beastiary |
| 12:34 | Demolisher |
| 12:34 | Demolisher |
| 12:36 | Grunt |
| 12:36 | Grunt |
| 12:57 | Barracks |
| 13:16 | Arcanite Ranged Weapons |
| 14:23 | Kodo Beast |
| 14:26 | Wind Rider |
| 14:28 | Wind Rider |
| 14:45 | Orc Burrow |
| 15:24 | Peon |
| 15:25 | Peon |
| 15:25 | Peon |
| 15:26 | Peon |
| 15:38 | Peon |
| 15:38 | Peon |
| 15:39 | Peon |
| 15:54 | Spirit Lodge |
| 17:33 | Demolisher |
| 17:33 | Demolisher |
| 17:38 | Demolisher |
| 20:29 | Wind Rider |
| 20:29 | Wind Rider |
| 20:29 | Wind Rider |
| 20:31 | Demolisher |
| 20:31 | Demolisher |
| 20:31 | Demolisher |
| 20:34 | Demolisher |
| 20:34 | Demolisher |
| 20:34 | Demolisher |
| 21:19 | Shaman Adept Training |
| Right click | 539 |
| Select | 189 |
| Select group | 103 |
| Build/train/purchase | 71 |
| Assign group | 31 |
| Use ability | 10 |
| Misc. action | 6 |
| Remove unit | 3 |
| Minimap ping | 2 |


| Healing Salve | 3 | 300 |
| Lesser Clarity Potion | 1 | 70 |
| Scroll of Speed | 1 | 50 |
| Scroll of Healing | 1 | 250 |
| Potion of Lesser Invulnerability | 1 | 150 |
| total: | 7 | 820g |
| Peon | 15 | 1125 | / | 0 |
| Grunt | 4 | 800 | / | 0 |
| Kodo Beast | 1 | 255 | / | 60 |
| Troll Witch Doctor | 2 | 290 | / | 50 |
| Wind Rider | 2 | 530 | / | 80 |
| Tauren | 2 | 560 | / | 160 |
| Demolisher | 9 | 1980 | / | 450 |
| Gnoll Brute | 1 | 215 | / | 20 |
| total: | 36 | 5755g | / | 820w |
| Altar of Storms | 1 | 180 | / | 50 |
| Orc Burrow | 6 | 960 | / | 240 |
| Barracks | 5 | 900 | / | 250 |
| Voodoo Lounge | 1 | 130 | / | 30 |
| War Mill | 1 | 205 | / | 0 |
| Great Hall | 1 | 385 | / | 185 |
| Beastiary | 1 | 145 | / | 140 |
| Spirit Lodge | 2 | 300 | / | 300 |
| Tauren Totem | 2 | 270 | / | 310 |
| Stronghold | 1 | 315 | / | 190 |
| Fortress | 1 | 325 | / | 190 |
| total: | 20 | 3475g | / | 1505w |
| 0:03 | Peon |
| 0:03 | Peon |
| 0:06 | Altar of Storms |
| 0:13 | Orc Burrow |
| 0:32 | Barracks |
| 0:34 | Peon |
| 0:44 | Peon |
| 0:54 | Peon |
| 1:13 | Peon |
| 1:26 | Orc Burrow |
| 1:36 | Grunt |
| 1:50 | Voodoo Lounge |
| 1:58 | Peon |
| 2:05 | Peon |
| 2:08 | Feral Spirit |
| 2:25 | Grunt |
| 2:55 | Stronghold |
| 3:15 | Grunt |
| 3:20 | Far Sight |
| 3:32 | Healing Salve |
| 3:32 | Lesser Clarity Potion |
| 3:46 | Grunt |
| 4:00 | Orc Burrow |
| 4:36 | War Mill |
| 4:54 | Great Hall |
| 5:04 | Healing Salve |
| 5:21 | Beastiary |
| 5:39 | Spirit Lodge |
| 5:45 | Feral Spirit |
| 6:04 | Peon |
| 6:04 | Peon |
| 6:04 | Peon |
| 6:04 | Peon |
| 6:04 | Peon |
| 6:22 | Gnoll Brute |
| 6:37 | Orc Burrow |
| 7:33 | Peon |
| 7:33 | Peon |
| 7:58 | Fortress |
| 8:02 | Witch Doctor Adept Training |
| 8:16 | Steel Armor |
| 8:19 | Kodo Beast |
| 8:23 | Endurance Aura |
| 8:26 | Healing Salve |
| 8:27 | Scroll of Speed |
| 8:29 | Far Sight |
| 8:58 | Troll Witch Doctor |
| 8:59 | Troll Witch Doctor |
| 9:02 | Tauren Totem |
| 9:03 | Tauren Totem |
| 9:27 | Wind Rider |
| 9:27 | Wind Rider |
| 9:32 | Steel Melee Weapons |
| 9:56 | Spirit Lodge |
| 10:23 | Potion of Lesser Invulnerability |
| 10:36 | Scroll of Healing |
| 10:46 | Tauren |
| 10:48 | Pulverize |
| 11:33 | War Drums Damage Increase |
| 11:35 | Witch Doctor Master Training |
| 11:48 | Tauren |
| 11:51 | Orc Burrow |
| 11:55 | Orc Burrow |
| 12:13 | War Stomp |
| 12:57 | Barracks |
| 12:58 | Barracks |
| 13:01 | Barracks |
| 13:23 | Barracks |
| 13:25 | Burning Oil |
| 13:26 | Demolisher |
| 13:26 | Demolisher |
| 13:39 | Steel Ranged Weapons |
| 14:12 | Demolisher |
| 14:24 | Demolisher |
| 14:37 | Demolisher |
| 15:01 | Demolisher |
| 15:01 | Demolisher |
| 16:38 | Thorium Ranged Weapons |
| 17:06 | Demolisher |
| 17:06 | Demolisher |
| Right click | 557 |
| Select | 415 |
| Select group | 250 |
| Build/train/purchase | 89 |
| Assign group | 42 |
| Misc. action | 34 |
| Use ability | 31 |
| Chat | 25 |
| Minimap ping | 9 |
| Item give/drop | 5 |
| Remove unit | 2 |
| Esc | 1 |

| Peon | 13 | 975 | / | 0 |
| Grunt | 5 | 1000 | / | 0 |
| Troll Headhunter | 11 | 1540 | / | 220 |
| Spirit Walker | 2 | 390 | / | 70 |
| Demolisher | 3 | 660 | / | 150 |
| Tauren | 7 | 1960 | / | 560 |
| total: | 41 | 6525g | / | 1000w |
| Watch Tower | 10 | 1100 | / | 800 |
| Orc Burrow | 9 | 1440 | / | 360 |
| Altar of Storms | 1 | 180 | / | 50 |
| Barracks | 2 | 360 | / | 100 |
| War Mill | 2 | 410 | / | 0 |
| Great Hall | 1 | 385 | / | 185 |
| Tauren Totem | 1 | 135 | / | 155 |
| Stronghold | 1 | 315 | / | 190 |
| Fortress | 1 | 325 | / | 190 |
| total: | 26 | 4010g | / | 1650w |
| 0:04 | Peon |
| 0:05 | Peon |
| 0:14 | Orc Burrow |
| 0:20 | Altar of Storms |
| 0:34 | Peon |
| 0:56 | Peon |
| 1:08 | Orc Burrow |
| 1:17 | Peon |
| 1:18 | Peon |
| 1:37 | Barracks |
| 1:40 | Peon |
| 1:58 | Peon |
| 2:06 | Orc Burrow |
| 2:16 | Peon |
| 2:25 | Endurance Aura |
| 2:37 | Peon |
| 2:39 | Grunt |
| 3:03 | War Mill |
| 3:08 | War Mill |
| 3:23 | Grunt |
| 3:28 | Peon |
| 3:49 | Grunt |
| 4:16 | Grunt |
| 4:58 | Grunt |
| 4:59 | Stronghold |
| 5:02 | Shockwave |
| 5:05 | Steel Armor |
| 5:24 | Orc Burrow |
| 5:38 | Troll Headhunter |
| 5:49 | Watch Tower |
| 6:01 | Troll Headhunter |
| 6:10 | Steel Ranged Weapons |
| 6:30 | Watch Tower |
| 6:45 | Orc Burrow |
| 6:52 | Troll Headhunter |
| 7:11 | Watch Tower |
| 7:20 | Berserker Strength |
| 7:21 | Troll Regeneration |
| 7:25 | Reinforced Defenses |
| 7:45 | Tauren Totem |
| 8:04 | Orc Burrow |
| 8:14 | Troll Headhunter |
| 8:52 | Great Hall |
| 8:56 | War Stomp |
| 9:04 | Spirit Walker |
| 9:16 | Pillage |
| 9:36 | Barracks |
| 9:54 | Thorium Armor |
| 10:22 | Orc Burrow |
| 10:32 | Troll Headhunter |
| 10:49 | Watch Tower |
| 10:55 | Troll Headhunter |
| 11:24 | Fortress |
| 12:15 | Troll Headhunter |
| 12:15 | Troll Headhunter |
| 12:15 | Troll Headhunter |
| 13:00 | Troll Headhunter |
| 13:00 | Troll Headhunter |
| 13:02 | Spiked Barricades |
| 13:08 | Peon |
| 13:09 | Peon |
| 13:37 | Demolisher |
| 13:39 | Demolisher |
| 13:58 | Demolisher |
| 14:35 | Tauren |
| 14:47 | Tauren |
| 15:29 | Orc Burrow |
| 15:34 | Orc Burrow |
| 16:13 | Pulverize |
| 17:17 | Spirit Walker |
| 17:43 | Tauren |
| 17:44 | Tauren |
| 18:41 | Watch Tower |
| 18:42 | Watch Tower |
| 19:53 | Watch Tower |
| 19:58 | Watch Tower |
| 21:28 | Tauren |
| 21:28 | Tauren |
| 21:29 | Tauren |
| 21:37 | Watch Tower |
| 21:40 | Watch Tower |
| Right click | 411 |
| Select | 291 |
| Select group | 119 |
| Build/train/purchase | 58 |
| Misc. action | 50 |
| Assign group | 22 |
| Use ability | 12 |